 Dungeon Crawl Stone Soup version 0.30-a0-373-gd37427bb62 (webtiles) character file.

Game seed: 3442333903904843832

30239 kae the Transmogrifier (level 13, -6/126 HPs)
             Began as a White Draconian Transmuter on Nov 23, 2022.
             Was a Priest of Ru.
             Mangled by a yak (9 damage)
             ... on level 2 of the Lair of Beasts on Nov 24, 2022.
             The game lasted 00:21:32 (17533 turns).

kae the Transmogrifier (DrTm)                      Turns: 17533, Time: 00:21:33

Health: -6/126     AC: 11    Str: 13    XL:     13   Next: 19%
Magic:  22/25      EV: 13    Int: 19    God:    Ru [***...]
Gold:   740        SH:  0    Dex: 17    Spells: 18/28 levels left

rFire   x . .      SeeInvis .      - Unarmed
rCold   + + +      Faith    .    (shield currently unavailable)
rNeg    . . .      Spirit   .    (body armour unavailable)
rPois   +          Reflect  .    (helmet currently unavailable)
rElec   .          Harm     .    (cloak currently unavailable)
rCorr   .          Rampage  .    (gloves currently unavailable)
Will    +....                    (boots currently unavailable)
Stlth   ++........               g - amulet of regeneration
HPRegen 1.21/turn                o - ring of willpower
MPRegen 0.19/turn                D - +6 ring of dexterity

@: lethally poisoned (-6 -> -7), ice-form, wereblooded, unable to drink
A: freezing attack, amphibious, boosted hp, (breathe frost), AC +8, large,
unfitting armour, (cold resistance 1), (cold-blooded), inability to drink after
injury 2, inability to use devices
a: End Transformation, Renounce Religion, Draw Out Power


You were on level 2 of the Lair of Beasts.
You worshipped Ru.
Ru was most pleased with you.
You were a creature of crystalline ice.
You visited 3 branches of the dungeon, and saw 15 of its levels.

You collected 740 gold pieces.


Innate Abilities, Weirdness & Mutations

You are a creature of crystalline ice.
You have a powerful freezing melee attack.
You are amphibious.
Your maximum health is increased.
Your armour is entirely melded.
You are incapable of wielding weapons or throwing items.
((You can breathe waves of freezing cold which knock back foes.))
((Your icy white scales are hard. (AC +8)))
You cannot fit into any form of body armour.
((Your flesh is cold resistant. (rC+)))
((You are cold-blooded and may be slowed by cold attacks.))
You sometimes lose the ability to drink potions when taking damage.
You cannot study or use magical devices.


   Skills:
 + Level 7.1 Fighting
 + Level 6.2 Dodging
 + Level 10.8 Unarmed Combat
 - Level 8.1 Spellcasting
 * Level 14.5 Transmutations
 - Level 9.6 Ice Magic
 - Level 1.5 Poison Magic


You had 18 spell levels left.
You knew the following spells:

 Your Spells              Type           Power      Damage    Failure   Level
a - Beastly Appendage     Tmut           100%       N/A       1%          1
b - Wereblood             Tmut           58%        N/A       1%          2
c - Spider Form           Tmut/Pois      38%        N/A       1%          3
d - Ice Form              Ice/Tmut       52%        N/A       1%          4

Your spell library contained the following spells:

 Spells                   Type           Power      Damage    Failure   Level
 Ozocubu's Armour         Ice            44%        N/A       1%          3
 Magic Dart               Conj           28%        1d4       9%          1
 Shock                    Conj/Air       28%        1d4       9%          1
 Poisonous Vapours        Pois/Air       20%        N/A       10%         2
 Cigotuvi's Dreadful Rot  Necr/Pois/Air  18%        N/A       11%         2
 Searing Ray              Conj           14%        2d5       14%         2
 Mephitic Cloud           Conj/Pois/Air  9%         N/A       22%         3
 Inner Flame              Hex/Fire       7%         N/A       26%         3
 Stone Arrow              Conj/Erth      14%        3d7       26%         3
 Swiftness                Air            7%         N/A       26%         3
 Metabolic Englaciation   Hex/Ice        12%        N/A       34%         5
 Airstrike                Air            3%         2d(1-17)  65%         4
 Cause Fear               Hex            3%         N/A       65%         4
 Fulminant Prism          Conj/Hex       3%         3d5       65%         4
 Ozocubu's Refrigeration  Ice            22%        4d12      83%         7
 Simulacrum               Ice/Necr       12%        N/A       88%         6
 Discord                  Hex            3%         N/A       100%        8
 Lehudib's Crystal Spear  Conj/Erth      3%         10d3      100%        8
 Chain Lightning          Conj/Air       3%         3d4       100%        9
 Fire Storm               Conj/Fire      3%         8d1       100%        9
 Shatter                  Erth           3%         3d7*      100%        9
 Animate Armour           Summ/Erth      Unusable   N/A       N/A         4

Inventory:

Missiles
 d - 40 poisoned darts
 e - 112 stones
 p - a boomerang
 t - 18 silver boomerangs
 y - 3 boomerangs of dispersal {=f!f}
 A - 3 curare-tipped darts {=f}
 E - 2 throwing nets {=f!f}
 J - 5 javelins
Magical Staves
 K - a staff of cold {!a}
   (You took it off Fannar on level 2 of the Lair of Beasts)
Jewellery
 g - an amulet of regeneration (around neck)
   (You found it on level 2 of the Lair of Beasts)
 o - a ring of willpower (left front paw)
   (You found it on level 3 of the Dungeon)
 D - a +6 ring of dexterity (right front paw)
   (You found it on level 5 of the Dungeon)
 I - a +6 ring of intelligence
   (You found it on level 7 of the Dungeon)
 R - a ring of resist corrosion
   (You found it on level 2 of the Lair of Beasts)
 Z - a ring of wizardry
   (You found it on level 2 of the Lair of Beasts)
Wands
 n - a wand of charming (36)
   (You found it on level 3 of the Dungeon)
 z - a wand of mindburst (13)
   (You took it off Pikel on level 7 of the Dungeon)
 G - a wand of acid (7)
   (You found it on level 10 of the Dungeon)
 H - a wand of flame (22)
   (You found it on level 11 of the Dungeon)
Scrolls
 c - 7 scrolls of teleportation {@r4}
 f - 2 scrolls of immolation {!r!r}
 i - a scroll of fear
 q - 2 scrolls of torment {!r}
 r - 2 scrolls of magic mapping {!r}
 s - a scroll of enchant weapon
 v - 2 scrolls of blinking {!r}
 B - a scroll of silence {!r}
 C - a scroll of enchant armour
 F - 2 scrolls of identify {@r1}
Potions
 a - 2 potions of lignification {!q}
 b - a potion of cancellation
 h - 4 potions of ambrosia
 j - 7 potions of attraction {!q}
 k - 4 potions of invisibility
 l - 6 potions of mutation {!q}
 m - 2 potions of might
 u - a potion of haste {@q3}
 w - 2 potions of flight
 x - 4 potions of heal wounds {@q2}
 L - a potion of berserk rage {!q}
 M - 3 potions of curing {@q1}
Miscellaneous
 N - a tin of tremorstones (2/2)
   (You found it on level 2 of the Lair of Beasts)

Dungeon Overview and Level Annotations

Branches:
Dungeon (11/15) Zot: 25428  Temple (1/1) D:7 Zot: 5759    Lair (3/5) D:10 Zot: 14163
  Swamp (0/4) Lair:2
  Snake: Lair:2-3    Spider: Lair:2-3       Orc: D:9-12

Altars:
Ashenzari
Cheibriados
Dithmenos
Elyvilon
Fedhas
Gozag
Hepliaklqana
Kikubaaqudgha
Makhleb
Nemelex Xobeh
Okawaru
Qazlal
Ru
Sif Muna
Trog
Uskayaw
Vehumet
Wu Jian
Xom
Yredelemnul
Zin
The Shining One

Shops:
D:6 [*(

Annotations:
D:3 1 runed translucent door, Crazy Yiuf

#.## ##.......##.####..... #.#
##.####.##.# #...... #.##
#..##.##### #.##... ##..#
##....## ######. ###.+######
###....# ##..#.
##.........###....>.## ###.....
#..........#.#<......####.'.....
##.........##.YFF....##...#.....
#..........'.+†Y....+.....#.....
#P.........###.l.....##.#.......
#.P+....#..###......####♣.#♣♣~♣♣
###.......###.##P.+#.#~♣♣~♣~~♣♣~
###....## ######...~~♣~~♣~~P~~
#####P†.P# ##♣#.~♣♣~♣~~P~≈~≈
#.####.+## ####P#♣~~~~~~~≈≈≈≈≈≈
#........# #....~P~~~~~♣≈≈≈≈≈≈≈
#........####..♣♣~~~~~~≈≈≈≈≈≈≈≈


You could see a yak (corona), 2 cane toads and a wyvern (corona).


Message History

You freeze the water moccasin! The cane toad stings you.
A yak comes into view.
The black mamba closely misses you.
A cane toad comes into view. 😕 HP[-2]
You take 2 damage, and now have 114/126 hp.
You barely miss the water moccasin.
The water moccasin is no longer moving slowly.
The black mamba misses you. The cane toad stings you!
The water moccasin closely misses you. The black mamba misses you. 😕 HP[-8]
You take 8 damage, and now have 106/126 hp.
You pummel the water moccasin!!
The water moccasin seems to slow down.
You freeze the water moccasin.
You feel a bit better.
You kill the water moccasin!
The cane toad stings you!
The black mamba closely misses you. 😕 HP[-8]
You take 8 damage, and now have 98/126 hp.
You punch the black mamba! You freeze the black mamba.
The black mamba misses you.
The cane toad barely misses you. 😕 HP[+1]
You hit the black mamba but do no damage.
The black mamba bites you but does no damage.
The cane toad closely misses you.
The black mamba completely misses you. 😕 HP[+1] MP[+1]
You barely miss the black mamba. The wyvern barely misses you.
The black mamba barely misses you. The cane toad misses you.
The wyvern bites you! 😮 HP[-7]
You take 7 damage, and now have 93/126 hp.
You barely miss the black mamba.
The black mamba bites you but does no damage.
The cane toad barely misses you. The wyvern closely misses you.
The black mamba barely misses you. 😮 HP[+1]
You closely miss the black mamba. The black mamba bites you.
The wyvern bites you!
You feel threatened and lose the ability to drink potions!
The cane toad stings you!
An elephant comes into view. 😮 HP[-19]
You take 19 damage, and now have 75/126 hp.
The elephant trumpets!
The black mamba barely misses you. The wyvern closely misses you.
The cane toad stings you!
You are poisoned.
The cane toad poisons you! The black mamba bites you.
* * * LOW HITPOINT WARNING * * *
The cane toad barely misses you.
The yak is stunned by your conviction and fails to attack.
The wyvern closely misses you.
You climb upwards.
You feel very sick.
There is a stone staircase leading down here. 😨 HP[-18] MP[+1]
You take 18 damage, and now have 57/126 hp.
You pummel the black mamba!!
The black mamba seems to slow down.
You freeze the black mamba.
You feel sick. The cane toad closely misses you. x2
The black mamba bites you but does no damage.
The wyvern closely misses you. The yak completely misses you. 😨 HP[-1]
You take 1 damage, and now have 56/126 hp.
Unknown command.
You barely miss the black mamba.
You feel sick.
The black mamba is no longer moving slowly.
The cane toad stings you but does no damage.
The wyvern misses you. The cane toad stings you!
* * * LOW HITPOINT WARNING * * *
The black mamba barely misses you. 😨 HP[-11]
You take 11 damage, and now have 45/126 hp.
You hit the black mamba. You freeze the black mamba.
You feel a bit better.
You kill the black mamba!
You feel sick.
The yak is stunned by your conviction and fails to attack.
The wyvern barely misses you. The cane toad barely misses you.
The cane toad stings you!
* * * LOW HITPOINT WARNING * * *
😨 HP[-6]
You take 6 damage, and now have 39/126 hp.
You punch the wyvern! You freeze the wyvern.
You howl as the wereblood boils in your veins!
You feel sick. The wyvern bites you!
* * * LOW HITPOINT WARNING * * *
The yak gores you.
* * * LOW HITPOINT WARNING * * *
You focus your inner power and illuminate the yak in retribution!
The cane toad stings you.
* * * LOW HITPOINT WARNING * * *
The cane toad stings you but does no damage. 😱 HP[-15]
You take 15 damage, and now have 24/126 hp.
Unknown command.
You completely miss the wyvern. The wyvern bites you.
* * * LOW HITPOINT WARNING * * *
You focus your inner power and illuminate the wyvern in retribution!
The cane toad closely misses you. The cane toad stings you!!
* * * LOW HITPOINT WARNING * * *
The yak gores you!
You die...

Skill      XL: |  1  2  3  4  5  6  7  8  9 10 11 12 13 |
---------------+----------------------------------------+-----
Transmutations | 3 4 5 6 9 10 11 12 14 | 14.5
Poison Magic   | 1 |  1.5
Spellcasting   | 3 4 6 7 8 |  8.1
Unarmed Combat | 4 5 7 8 9 10 | 10.8
Ice Magic      | 3 9 |  9.6
Dodging        | 4 5 6 |  6.2
Fighting       | 4 6 7 |  7.1

Action                   |  1- 3 |  4- 6 |  7- 9 | 10-12 | 13-15 || total
-------------------------+-------+-------+-------+-------+-------++-------
Melee: Unarmed           |   148 |   110 |   166 |   650 |    87 ||  1161
       Kick              |    19 |    13 |     4 |       |       ||    36
       Headbutt          |    14 |    12 |     4 |       |       ||    30
       Tailslap          |    18 |     7 |     2 |     3 |       ||    30
       Punch             |     2 |     2 |       |       |       ||     4
 Cast: Beastly Appendage |    22 |    21 |     1 |     1 |     1 ||    46
       Spider Form       |     1 |     4 |    11 |       |       ||    16
       Ice Form          |       |       |    10 |    56 |     7 ||    73
       Wereblood         |       |       |     2 |    16 |     2 ||    20
Invok: Sacrifice Drink   |       |       |       |     1 |       ||     1
       Draw Out Power    |       |       |       |     2 |     1 ||     3
       Sacrifice Artific |       |       |       |     1 |       ||     1
 Abil: Breathe Frost     |       |       |       |     2 |       ||     2
Evoke: Wand              |       |       |     6 |    14 |       ||    20
  Use: Scroll            |     6 |     8 |     4 |    10 |       ||    28
       Potion            |       |       |     1 |       |       ||     1
 Stab: Sleeping          |       |     1 |       |       |       ||     1
       Distracted        |       |       |       |     1 |     1 ||     2
       Invisible         |       |       |       |       |     2 ||     2
       Petrifying        |       |       |       |       |     1 ||     1
Armor: Skin              |    44 |    26 |    26 |   229 |    29 ||   354
Dodge: Dodged            |    79 |    66 |   120 |   343 |    65 ||   673

Levels and vault maps discovered:
D:1:      kennysheep_arrival_seaside, layout_loops_ring
D:2:      layout_basic, hex_tiny, minivault_19
D:3:      layout_basic, basic_ecumenical_altar, uniq_terence,
          uniq_crazy_yiuf_cottage, uniq_jessica
D:4:      layout_loops_ring, mainiacjoe_overflow_catwalk
D:5:      nicolae_cairo_tiling_very_big, layout_loops_ring,
          minmay_misc_feat_iff, uniq_sigmund
D:6:      layout_loops_ring, serial_shops, nicolae_inconvenience_store,
          kennysheep_little_box, nicolae_shop_crystal, uniq_prince_ribbit1
D:7:      layout_layer_cave, minmay_temple_entry_gardened_gates, uniq_joseph,
          uniq_pikel
D:8:      layout_rooms, minmay_unpleasant_kobolds
D:9:      layout_basic
D:10:     layout_roguey, minmay_lair_entry_grove
D:11:     layout_roguey, nicolae_ru_the_path_less_chosen
Temple:   mainiacjoe_temple_archimedes_tessellation
Lair:1:   layout_regular_city, wad_woods_02
Lair:2:   layout_roguey, minmay_swamp_entry_worms, serial_bayou_lake_a,
          uniq_gastronok, uniq_fannar
Lair:3:   layout_cave_shapes, dummy_spider_entry

Notes
Turn   | Place    | Note
-------+----------+-------------------------------------------
     0 | D:1      | kae the Draconian Transmuter began the quest for the Orb.
     0 | D:1      | Reached XP level 1. HP: 16/16 MP: 3/3
     0 | D:1      | magus.rc [v1.11.3]
    87 | D:1      | Reached XP level 2. HP: 22/23 MP: 3/5
   310 | D:1      | Reached XP level 3. HP: 12/28 MP: 4/6
   313 | D:1      | Learned a level 2 spell: Wereblood
   317 | D:1      | Learned a level 3 spell: Spider Form
  1093 | D:2      | Reached skill level 3 in Transmutations
  1270 | D:2      | You pick up a book of Winter and begin reading...
  1270 | D:2      | You add the spells Ozocubu's Armour, Metabolic Englaciation
                  | and Simulacrum to your library.
  1666 | D:2      | You pick up a book of Annihilations and begin reading...
  1666 | D:2      | You add the spells Chain Lightning, Fire Storm and Shatter
                  | to your library.
  1779 | D:2      | Reached skill level 1 in Poison Magic
  1968 | D:2      | Reached XP level 4. HP: 35/35 MP: 7/7
  2351 | D:3      | You pick up a book of Vapours and begin reading...
  2351 | D:3      | You add the spells Poisonous Vapours, Cigotuvi's Dreadful
                  | Rot and Mephitic Cloud to your library.
  2411 | D:3      | Noticed Terence
  2429 | D:3      | Killed Terence
  2590 | D:3      | Found a runed translucent door.
  2591 | D:3      | Noticed Crazy Yiuf
  2676 | D:3      | You pick up a book of Conjurations and begin reading...
  2676 | D:3      | You add the spells Magic Dart, Searing Ray and Fulminant
                  | Prism to your library.
  2684 | D:3      | Noticed Jessica
  2693 | D:3      | Killed Jessica
  2932 | D:3      | Found a faded altar of an unknown god.
  3134 | D:3      | Reached XP level 5. HP: 40/40 MP: 9/9
  3467 | D:4      | HP: 9/40 [iguana (10)]
  3702 | D:4      | Found a hazy altar of Hepliaklqana.
  3711 | D:4      | Reached skill level 3 in Spellcasting
  3718 | D:4      | Reached skill level 4 in Transmutations
  3852 | D:4      | Reached skill level 4 in Unarmed Combat
  4130 | D:4      | Noticed a black bear
  4139 | D:4      | Killed a black bear
  4140 | D:4      | Reached XP level 6. HP: 30/47 MP: 6/11
  4369 | D:5      | Entered Level 5 of the Dungeon
  4397 | D:5      | Reached skill level 5 in Transmutations
  4543 | D:5      | Your scales start taking on an icy white colour.
  4543 | D:5      | Reached XP level 7. HP: 47/52 MP: 9/12
  4543 | D:5      | Gained mutation: Your flesh is cold resistant. (rC+) [White
                  | Draconian growth]
  4625 | D:5      | Learned a level 4 spell: Ice Form
  4800 | D:5      | Reached skill level 1 in Ice Magic
  4912 | D:5      | Reached skill level 4 in Spellcasting
  4920 | D:5      | HP: 9/52 [ice beast (13)]
  4923 | D:5      | Reached skill level 5 in Unarmed Combat
  4923 | D:5      | Reached skill level 6 in Transmutations
  4923 | D:5      | Reached skill level 2 in Ice Magic
  5099 | D:5      | Noticed Sigmund
  5111 | D:5      | Killed Sigmund
  5112 | D:5      | Reached skill level 3 in Ice Magic
  5393 | D:5      | Reached XP level 8. HP: 59/59 MP: 11/14
  5751 | D:6      | Noticed Prince Ribbit
  5984 | D:6      | Reached skill level 4 in Ice Magic
  6119 | D:6      | Found Nishreurgh's Antique Weapon Emporium.
  6277 | D:6      | Killed Prince Ribbit
  6278 | D:6      | Reached skill level 7 in Transmutations
  6344 | D:6      | Found Lioli's General Store.
  6371 | D:6      | Reached skill level 5 in Ice Magic
  6453 | D:6      | Found Wanlep's Antique Armour Boutique.
  6820 | D:6      | Identified a potion of experience
  6821 | D:6      | Reached skill level 7 in Unarmed Combat
  6821 | D:6      | Reached skill level 6 in Spellcasting
  6821 | D:6      | Reached skill level 9 in Transmutations
  6821 | D:6      | Reached skill level 9 in Ice Magic
  6821 | D:6      | Reached XP level 9. HP: 64/64 MP: 15/18
  7042 | D:7      | Reached skill level 10 in Transmutations
  7107 | D:7      | You pick up a book of Armaments and begin reading...
  7107 | D:7      | You add the spells Stone Arrow and Lehudib's Crystal Spear
                  | to your library.
  7352 | D:7      | magus.rc [v1.11.3]
  7467 | D:7      | Noticed Joseph
  7479 | D:7      | Reached XP level 10. HP: 43/71 MP: 14/20
  7485 | D:7      | Killed Joseph
  7845 | D:7      | Found a staircase to the Ecumenical Temple.
  7864 | D:7      | Reached skill level 8 in Unarmed Combat
  7876 | Temple   | Entered the Ecumenical Temple
  8104 | Temple   | Became a worshipper of Ru the Awakened
  8576 | D:7      | Noticed Pikel
  8589 | D:7      | Killed Pikel
  8590 | D:7      | Reached skill level 7 in Spellcasting
  9191 | D:8      | Reached skill level 11 in Transmutations
 10343 | D:9      | Noticed an orange demon
 10398 | D:9      | HP: 17/85 [red devil/+0 trident[a kobold demonologist]
                  | (19)]
 10403 | D:8      | Reached XP level 11. HP: 17/77 MP: 18/22
 10612 | D:9      | Reached skill level 2 in Dodging
 10810 | D:9      | Noticed a two-headed ogre
 10815 | D:9      | Killed a two-headed ogre
 10816 | D:9      | Reached skill level 2 in Fighting
 10974 | D:9      | You pick up a book of Air and begin reading...
 10974 | D:9      | You add the spells Shock, Swiftness and Airstrike to your
                  | library.
 11003 | D:10     | Entered Level 10 of the Dungeon
 11005 | D:10     | Gained mutation: You occasionally lose the ability to drink
                  | potions when taking damage. [Ru sacrifice]
 11005 | D:10     | Gained mutation: You sometimes lose the ability to drink
                  | potions when taking damage. [Ru sacrifice]
 11005 | D:10     | Reached * piety under Ru
 11080 | D:10     | Reached skill level 9 in Unarmed Combat
 11181 | D:10     | Reached skill level 12 in Transmutations
 11183 | D:10     | Found a staircase to the Lair.
 11737 | D:10     | Reached skill level 3 in Dodging
 11737 | D:10     | Reached skill level 8 in Spellcasting
 11756 | D:10     | Reached skill level 3 in Fighting
 12006 | D:10     | You pick up a book of Armaments and begin reading...
 13076 | D:11     | Reached skill level 4 in Fighting
 13270 | D:11     | Found a sacrificial altar of Ru.
 13394 | Lair:1   | Entered Level 1 of the Lair of Beasts
 13451 | Lair:1   | Reached skill level 4 in Dodging
 13731 | Lair:1   | Noticed a boulder beetle
 13733 | Lair:1   | Reached XP level 12. HP: 88/92 MP: 21/24
 13891 | Lair:1   | Reached skill level 13 in Transmutations
 13918 | Lair:1   | Reached skill level 5 in Fighting
 13927 | Lair:1   | Killed a boulder beetle
 14107 | Lair:1   | Reached skill level 10 in Unarmed Combat
 14442 | Lair:1   | You pick up a book of Hexes and begin reading...
 14442 | Lair:1   | You add the spells Inner Flame, Cause Fear and Discord to
                  | your library.
 14533 | Lair:1   | Reached skill level 5 in Dodging
 15316 | Lair:2   | HP: 25/114 [electric eel/bolt of electricity (11)]
 15318 | Lair:2   | HP: 10/114 [electric eel/bolt of electricity (9)]
 15320 | Lair:2   | HP: 1/114 [electric eel/bolt of electricity (5)]
 15704 | Lair:2   | Gained mutation: You cannot study or use magical devices.
                  | [Ru sacrifice]
 15704 | Lair:2   | Reached ** piety under Ru
 15704 | Lair:2   | Reached *** piety under Ru
 15707 | Lair:2   | Reached skill level 6 in Fighting
 15883 | Lair:2   | Noticed Gastronok
 15883 | Lair:2   | Gastronok the Ponderous comes into view. He is wearing the
                  | +3 hat of Pondering {ponderous, Will+ MP+10 Int+5}.
 15902 | Lair:1   | HP: 20/115 [wolf (9)]
 15909 | Lair:1   | HP: 24/109 [wolf (7)]
 16252 | Lair:2   | Noticed a death yak
 16262 | Lair:2   | Noticed a death yak
 16285 | Lair:2   | Killed a death yak
 16377 | Lair:2   | Noticed a death yak
 16379 | Lair:2   | Noticed a death yak
 16433 | Lair:2   | magus.rc [v1.11.3]
 16471 | Lair:2   | Killed a death yak
 16472 | Lair:2   | Reached skill level 14 in Transmutations
 16502 | Lair:2   | Noticed a death yak
 16504 | Lair:2   | Noticed a death yak
 16531 | Lair:2   | Killed a death yak
 16537 | Lair:2   | Killed a death yak
 16540 | Lair:2   | HP: 25/114 [death yak (15)]
 16542 | Lair:2   | Killed a death yak
 16545 | Lair:2   | HP: 15/116 [death yak (16)]
 16546 | Lair:2   | Killed a death yak
 16711 | Lair:2   | Noticed Fannar
 16728 | Lair:2   | Killed Fannar
 16729 | Lair:2   | Reached XP level 13. HP: 104/104 MP: 23/25
 16750 | Lair:2   | Found a staircase to the Swamp.
 16840 | Lair:2   | Identified the +1 scale mail "Ickock" {rC++ Str+4 Slay+5}
 16853 | Lair:2   | Gastronok is wearing the +3 hat of Pondering {ponderous,
                  | Will+ MP+10 Int+5}.
 16874 | Lair:2   | Killed Gastronok
 16875 | Lair:2   | Reached skill level 6 in Dodging
 16979 | Lair:2   | Reached skill level 7 in Fighting
 17532 | Lair:2   | HP: 29/126 [wyvern (10)]
 17533 | Lair:2   | HP: 3/126 [cane toad (18)]
 17533 | Lair:2   | Mangled by a yak

Vanquished Creatures
  Gastronok (Lair:2)
  Fannar (Lair:2)
  2 boulder beetles
  A two-headed ogre (D:9)
  6 death yaks (Lair:2)
  Pikel (D:7)
  A manticore (D:11)
  3 black mambas (Lair:2)
  Joseph (D:7)
  3 cane toads
  2 gargoyles (D:11)
  A kobold demonologist (D:9)
  A rime drake (Lair:1)
  3 komodo dragons (Lair:1)
  3 trolls (D:11)
  Prince Ribbit (D:6)
  A hornet (D:8)
  4 blink frogs (Lair:2)
  2 tyrant leeches (Lair:2)
  Sigmund (D:5)
  3 spriggans (Lair:1)
  A vampire (D:11)
  4 wraiths
  3 basilisks
  39 yaks
  5 wyverns
  2 steam dragons
  A swamp worm (Lair:2)
  10 water moccasins
  An acid dragon (D:9)
  A sky beast (D:7)
  2 ice beasts
  4 black bears
  4 ogres
  11 wolves
  4 centaurs
  A phantom (D:7)
  7 kobold brigands
  13 bullfrogs
  2 gnoll sergeants
  4 wights (D:8)
  11 killer bees
  5 howler monkeys
  2 electric eels (Lair:2)
  4 hounds
  3 jellies
  An orc priest (D:6)
  Jessica (D:3)
  4 iguanas
  Terence (D:3)
  5 orc wizards
  8 gnolls
  6 adders
  4 worms
  3 dart slugs
  22 orcs
  9 ball pythons
  6 endoplasms
  A giant cockroach (D:1)
  4 goblins
  5 hobgoblins
  8 jackals
  30 kobolds
  4 quokkas (D:2)
  2 bats
  A frilled lizard (D:2)
  6 rats
317 creatures vanquished.

Vanquished Creatures (others)
  19 fungi
  71 plants
90 creatures vanquished.

Grand Total: 407 creatures vanquished

Table legend:
 A = Non-vault XP
 B = Vault XP
 C = Vault XP percentage of total XP
 D = Non-vault monster count
 E = Vault monster count
 F = Vault count percentage of total count
                 A         B        C        D         E       F
            +---------+---------+-------+---------+---------+-------
      Total |   32904 |    8033 |  19.6 |     284 |      33 |  10.4
            +---------+---------+-------+---------+---------+-------
        D:1 |      59 |       0 |   0.0 |      25 |       0 |   0.0
        D:2 |      40 |       0 |   0.0 |      18 |       0 |   0.0
        D:3 |      38 |      73 |  65.8 |      13 |       2 |  13.3
        D:4 |     286 |       0 |   0.0 |      12 |       0 |   0.0
        D:5 |     995 |     231 |  18.8 |      18 |       1 |   5.3
        D:6 |     321 |     283 |  46.9 |      14 |       1 |   6.7
        D:7 |    1470 |    1079 |  42.3 |      13 |       2 |  13.3
        D:8 |    1799 |     286 |  13.7 |      30 |       6 |  16.7
        D:9 |    3415 |       0 |   0.0 |      29 |       0 |   0.0
       D:10 |    1462 |    2112 |  59.1 |      21 |      12 |  36.4
       D:11 |    3869 |       0 |   0.0 |      19 |       0 |   0.0
     Lair:1 |    8770 |     860 |   8.9 |      41 |       4 |   8.9
     Lair:2 |    9880 |    3109 |  23.9 |      27 |       5 |  15.6
     Lair:3 |     500 |       0 |   0.0 |       4 |       0 |   0.0
            +---------+---------+-------+---------+---------+-------

Illustrated notes

Table legend:
 A = Kills in this place as a percentage of kills in entire the game.
 B = Kills by you in this place as a percentage of kills by you in the entire game.
 C = Kills by friends in this place as a percentage of kills by friends in the entire game.
 D = Other kills in this place as a percentage of other kills in the entire game.
 E = Experience gained in this place as a percentage of experience gained in the entire game.
 F = Experience gained in this place divided by the number of levels of this place that you have seen.
                   A       B       C       D       E      F
               +-------+-------+-------+-------+-------+----------------------
         Total | 100.0 | 100.0 |   N/A |   N/A | 100.0 | 2729.1
       Dungeon |  74.4 |  74.4 |   N/A |   N/A |  43.5 | 1619.8
          Lair |  25.6 |  25.6 |   N/A |   N/A |  56.5 | 7706.3
               +-------+-------+-------+-------+-------+----------------------

Table legend: (Time is in decaauts)
 A = Elapsed time spent in this place.
 B = Non-inter-level travel time spent in this place.
 C = Inter-level travel time spent in this place.
 D = Time resting spent in this place.
 E = Time spent auto-exploring this place.
 F = Levels seen in this place.
 G = Mean time per level.
                   A        B        C        D        E       F      G
               +--------+--------+--------+--------+--------+-----+--------+
         Total |  17417 |  17006 |    411 |   1974 |  12515 |  15 | 1161.1 |
       Dungeon |  13341 |  13040 |    301 |   1204 |  10020 |  11 | 1212.8 |
        Temple |    240 |    197 |     43 |      0 |    180 |   1 |  240.0 |
          Lair |   3835 |   3769 |     66 |    770 |   2315 |   3 | 1278.3 |
               +--------+--------+--------+--------+--------+-----+--------+

Top non-repeatable levels by time:
  Lair:1: 2077 daAuts
  Lair:2: 1676 daAuts
     D:7: 1637 daAuts
    D:10: 1505 daAuts
     D:5: 1303 daAuts
     D:2: 1223 daAuts
     D:6: 1182 daAuts
     D:3: 1166 daAuts
     D:9: 1162 daAuts
    D:11: 1126 daAuts
     D:8: 1065 daAuts
     D:1: 1058 daAuts
     D:4: 911 daAuts
  Temple: 240 daAuts
  Lair:3: 82 daAuts
